 Dungeon Crawl Stone Soup version 0.31.0-9-g3a7656b989 (webtiles) character file.

Game seed: 15689761394751144564

16 qw the Shooter (level 2, -1/16 HPs)
             Began as a Deep Elf Hunter on Feb 2, 2024.
             Slain by a jackal (3 damage)
             ... on level 1 of the Dungeon.
             The game lasted 00:00:00 (210 turns).

qw the Shooter (Deep Elf Hunter)                     Turns: 210, Time: 00:00:01

Health: -1/16      AC:  3    Str:  8    XL:     2   Next: 41%
Magic:  4/4        EV: 12    Int: 13    God:
Gold:   17         SH:  0    Dex: 18    Spells: 1/1 levels left

rFire   . . .        a - +0 shortbow
rCold   . . .        (shield currently unavailable)
rNeg    . . .        c - +0 leather armour
rPois   .            (no helmet)
rElec   .            (no cloak)
rCorr   .            (no gloves)
SInv    .            (no boots)
Will    .....        (no amulet)
Stlth   ++           (no ring)
HPRegen 0.22/turn    (no ring)
MPRegen 0.09/turn

%: no passive effects
@: no status effects
A: no striking features
a: no special abilities


You were on level 1 of the Dungeon.
You visited 1 branch of the dungeon, and saw 1 of its levels.

You collected 17 gold pieces.


   Skills:
 - Level 1.5 Fighting
 + Level 6.2 Ranged Weapons
 - Level 2.4 Dodging
 - Level 1.2 Stealth


You had one spell level left.
You didn't know any spells.
Your spell library was empty.

Inventory:

Hand Weapons
 a - a +0 shortbow (weapon)
Armour
 c - a +0 leather armour (worn)
 e - a +0 ring mail
Scrolls
 b - a scroll of butterflies
 d - a scroll of poison {unknown}

Dungeon Overview and Level Annotations

Branches:
Dungeon (1/15)

Altars:


Message History

The frilled lizard bites you but does no damage.
You shoot an arrow. The arrow closely misses the kobold.
The kobold hits you with a +0 dagger.
The frilled lizard bites you but does no damage.
You shoot an arrow. The arrow closely misses the kobold.
The frilled lizard barely misses you. The kobold hits you with a +0 dagger.
You shoot an arrow. The arrow hits the kobold!
You kill the kobold!
The frilled lizard bites you but does no damage.
You shoot an arrow.
The arrow closely misses the ball python.
The ball python bites you. The ball python barely misses you.
The frilled lizard barely misses you. The ball python misses you.
The ball python grabs you. The ball python constricts you.
You shoot an arrow. The arrow hits the ball python.
The ball python is moderately wounded.
The frilled lizard bites you. The ball python bites you.
The ball python constricts you.
You shoot an arrow. The arrow hits the ball python.
You kill the ball python!
The frilled lizard bites you but does no damage.
You shoot an arrow.
The arrow barely misses the frilled lizard.
The frilled lizard bites you. The frilled lizard barely misses you.
You shoot an arrow. The arrow hits the frilled lizard.
You kill the frilled lizard!
The bat barely misses you.
You shoot an arrow. The arrow misses the goblin.
The bat misses you. The goblin hits you with a +0 club.
You shoot an arrow. The arrow hits the goblin!
You kill the goblin!
You hear a bark!
The bat misses you.
You shoot an arrow. The arrow barely misses the bat.
The bat closely misses you. The bat hits you.
A jackal comes into view.
You shoot an arrow. The arrow hits the jackal.
The jackal is heavily wounded.
The bat barely misses you. The jackal bites you.
You die...

##. #.. ##
#.. #.# ..
#.b.
###.##.?
#...#g.
#.#.K#
###@#..##
#..bh...#
#..#.#...#
#....# #....
#..### .##
#..# #..#
#..#
########..##


You could see a jackal and a bat.

Vanquished Creatures
  4 ball pythons (D:1)
  3 endoplasms (D:1)
  A goblin (D:1)
  2 quokkas (D:1)
  2 frilled lizards (D:1)
  A kobold (D:1)
  A rat (D:1)
14 creatures vanquished.

Notes
Turn   | Place    | Note
-------+----------+-------------------------------------------
     0 | D:1      | qw the Deep Elf Hunter began the quest for the Orb.
     0 | D:1      | Reached XP level 1. HP: 12/12 MP: 3/3
     0 | D:1      | 0 ||| qw: Version: 0.3-a-155-g5e7d8dd
     0 | D:1      | 0 ||| qw: Game counter: 1249
     0 | D:1      | 0 ||| qw: Melee chars always use a shield: true
     0 | D:1      | 0 ||| qw: God list: Okawaru
     0 | D:1      | 0 ||| qw: Allow faded altars: false
     0 | D:1      | 0 ||| qw: Do Orc after clearing Dungeon:15 true
     0 | D:1      | 0 ||| qw: Do second Lair branch before Depths: true
     0 | D:1      | 0 ||| qw: Lair rune preference: random
     0 | D:1      | 0 ||| qw: Goals: Normal
     0 | D:1      | 0 ||| PLANNING D:1-11
   172 | D:1      | Reached XP level 2. HP: 16/16 MP: 4/4
   183 | D:1      | Reached skill level 6 in Ranged Weapons
   194 | D:1      | 194 ||| RETREEEEATING.
   203 | D:1      | HP: 4/16 [frilled lizard (2)]
   209 | D:1      | HP: 1/16 [bat (1)]
   210 | D:1      | Slain by a jackal

Levels and vault maps discovered:
D:1:      minmay_arrival_cross, layout_loops_ring,
          hellmonk_ecumenical_altar_watching_god, minmay_heptomino_w4

Skill      XL: |  1  2 |
---------------+-------+-----
Ranged Weapons | 6 |  6.2
Fighting       | |  1.5
Dodging        | |  2.4
Stealth        | |  1.2

Action                     || total
---------------------------++-------
   Fire: Shortbow          ||    42
 Armour: Leather armour    ||    20
  Dodge: Dodged            ||    26

Table legend:
 A = Non-vault XP
 B = Vault XP
 C = Vault XP percentage of total XP
 D = Non-vault monster count
 E = Vault monster count
 F = Vault count percentage of total count
                 A         B        C        D         E       F
            +---------+---------+-------+---------+---------+-------
      Total |      15 |       9 |  37.5 |       9 |       5 |  35.7
            +---------+---------+-------+---------+---------+-------
        D:1 |      15 |       9 |  37.5 |       9 |       5 |  35.7
            +---------+---------+-------+---------+---------+-------
